 Dungeon Crawl Stone Soup version 0.31.0-32-g396128a36d (webtiles) character file.

Game seed: 8194297179352429446

1694170 bearlyready the Swordmaster (level 27, 264/264 HPs)
             Began as a Barachi Monk on Mar 17, 2024.
             Was the Champion of Cheibriados.
             Escaped with the Orb
             ... and 3 runes on Mar 18, 2024!
             The game lasted 02:04:37 (70051 turns).

bearlyready the Swordmaster (Barachi Monk)         Turns: 70051, Time: 02:04:38

Health: 264/264    AC: 44    Str: 31    XL:     27
Magic:  29/29      EV: 36    Int: 34    God:    Cheibriados [******]
Gold:   9627       SH: 37    Dex: 40    Spells: 25/26 levels left

rFire   + + +        b - +9 demon blade (elec)
rCold   + . .        f - +0 tower shield
rNeg    + . .        Q - +10 pearl dragon scales "Tor Ukki" {+Inv rF+ rN+ Int+2}
rPois   +            T - +2 helmet {SInv}
rElec   .            S - +2 cloak {rCorr}
rCorr   +            h - +0 pair of gloves
SInv    +            d - +2 pair of boots "Haodisk" {rPois rF+ Stlth+}
Will    +++++        G - amulet of Zin's Reproof {Reflect Will+ SH+5 SInv}
Stlth   +            Z - ring of protection from cold
HPRegen 0.64/turn    x - ring of Himik {rF+ Will+ rCorr Str+2 Int+4}
MPRegen 0.21/turn

%: reflection
@: studying 2 skills, very slow
A: amphibious, slowness 1, strong legs 2, +LOS, strong-willed 1, robust 1
0: Orb of Zot
}: 3/15 runes: decaying, silver, gossamer
a: Hop, Renounce Religion, Evoke Invisibility, Bend Time, Temporal Distortion,
Slouch, Step From Time


You escaped.
You worshipped Cheibriados.
Cheibriados was exalted by your worship.
You visited 11 branches of the dungeon, and saw 51 of its levels.
You visited the Abyss 1 time.
You also visited: Trove, Ossuary, Gauntlet and Volcano.

You collected 11935 gold pieces.
You spent 2308 gold pieces at shops.

Inventory:

Hand Weapons
 b - a +9 demon blade of electrocution (weapon)
 I - a +5 demon blade of venom
Missiles
 D - 28 boomerangs (quivered)
 J - 7 javelins
 O - 10 silver javelins
 V - 9 throwing nets
Armour
 d - the +2 pair of boots "Haodisk" (worn) {rPois rF+ Stlth+}
   (You found it in a treasure trove)

   rF+:       It protects you from fire.
   rPois:     It protects you from poison Stlth+: It makes you more stealthy.
 f - a +0 tower shield (worn)
 h - a +0 pair of gloves (worn)
 P - +0 gold dragon scales
 Q - the +10 pearl dragon scales "Tor Ukki" (worn) {+Inv rF+ rN+ Int+2}
   (You found it on level 1 of the Spider Nest)

   Int+2:     It affects your intelligence (+2).
   rF+:       It protects you from fire.
   rN+:       It protects you from negative energy.
   +Inv:      It lets you turn invisible.
 S - a +2 cloak of preservation (worn)
 T - a +2 helmet of see invisible (worn)
Jewellery
 x - the ring of Himik (right hand) {rF+ Will+ rCorr Str+2 Int+4}
   (You took it off a deep elf high priest on level 3 of the Elven Halls)

   [ring of willpower]

   Str+2:     It affects your strength (+2).
   Int+4:     It affects your intelligence (+4).
   rF+:       It protects you from fire.
   Will+:     It increases your willpower.
   rCorr:     It protects you from acid and corrosion.
 E - an amulet of guardian spirit
 G - the amulet of Zin's Reproof (around neck) {Reflect Will+ SH+5 SInv}
   (You took it off a deep elf annihilator on level 3 of the Elven Halls)

   [amulet of reflection]

   Reflect:   It reflects blocked missile attacks.
   Will+:     It increases your willpower.
   SInv:      It lets you see invisible.
   SH+5:      It affects your SH (+5).
 Z - a ring of protection from cold (left hand)
Wands
 q - a wand of mindburst (48)
 w - a wand of light (30)
 B - a wand of flame (61)
 U - a wand of polymorph (38)
 W - a wand of charming (54)
 X - a wand of digging (50)
 Y - a wand of iceblast (59)
Scrolls
 a - 7 scrolls of poison
 e - 6 scrolls of fear
 j - 7 scrolls of blinking
 k - 9 scrolls of enchant weapon
 p - 9 scrolls of enchant armour
 s - 11 scrolls of fog
 t - 19 scrolls of teleportation
 y - 4 scrolls of butterflies
 A - 10 scrolls of immolation
 F - 10 scrolls of revelation
 H - 4 scrolls of silence
Potions
 c - 8 potions of ambrosia
 i - 2 potions of invisibility
 l - 2 potions of mutation
 m - 6 potions of enlightenment
 n - 14 potions of brilliance
 o - 25 potions of heal wounds
 r - 3 potions of cancellation
 u - 23 potions of curing
 z - 10 potions of might
 K - 5 potions of berserk rage
 L - 8 potions of lignification
 N - 5 potions of magic
 R - a potion of resistance
Miscellaneous
 g - a sack of spiders
 v - a phantom mirror
 C - a lightning rod (4/4)
 M - a tin of tremorstones (1/2)


   Skills:
 + Level 24.4 Fighting
 O Level 27 Long Blades
 - Level 8.1 Throwing
 + Level 23.1 Armour
 + Level 18.4 Dodging
 O Level 27 Shields
 - Level 9.1 Invocations
 + Level 20.6 Evocations


You had 25 spell levels left.
You knew the following spells:

 Your Spells              Type           Power      Damage    Failure   Level
a - Apportation           Tloc           0%         N/A       12%         1

Your spell library contained the following spells:

 Spells                   Type           Power      Damage    Failure   Level
 Foxfire                  Conj/Fire      0%         2x1d4     12%         1
 Magic Dart               Conj           0%         1d3       12%         1
 Necrotise                Necr           0%         1d4       12%         1
 Sandblast                Erth           0%         2d4       12%         1
 Shock                    Conj/Air       0%         1d3       12%         1
 Slow                     Hex            0%         N/A       12%         1
 Sting                    Conj/Alch      0%         1d3       12%         1
 Summon Small Mammal      Summ           0%         N/A       12%         1
 Call Imp                 Summ           0%         N/A       17%         2
 Ensorcelled Hibernation  Hex/Ice        0%         N/A       17%         2
 Jinxbite                 Hex            0%         N/A       17%         2
 Mercury Vapours          Alch/Air       0%         N/A       17%         2
 Scorch                   Fire           0%         2d5       17%         2
 Static Discharge         Conj/Air       0%         3-3/arc   17%         2
 Sublimation of Blood     Necr           0%         N/A       17%         2
 Call Canine Familiar     Summ           0%         N/A       34%         3
 Confusing Touch          Hex            0%         N/A       34%         3
 Dazzling Flash           Conj/Hex       0%         N/A       34%         3
 Fugue of the Fallen      Necr           0%         N/A       34%         3
 Hailstorm                Conj/Ice       0%         3d5       34%         3
 Inner Flame              Hex/Fire       0%         N/A       34%         3
 Ozocubu's Armour         Ice            0%         N/A       34%         3
 Passwall                 Erth           0%         N/A       34%         3
 Sigil of Binding         Hex            0%         N/A       34%         3
 Stone Arrow              Conj/Erth      0%         3d7       34%         3
 Summon Ice Beast         Ice/Summ       0%         N/A       34%         3
 Tukima's Dance           Hex            0%         N/A       34%         3
 Vampiric Draining        Necr           0%         2d6       34%         3
 Volatile Blastmotes      Fire/Tloc      0%         2d10      34%         3
 Airstrike                Air            0%         2d(0-16)  75%         4
 Anguish                  Hex/Necr       0%         N/A       75%         4
 Animate Armour           Summ/Erth      0%         N/A       75%         4
 Animate Dead             Necr           0%         N/A       75%         4
 Brom's Barrelling Bould  Conj/Erth      0%         2d3       75%         4
 Cause Fear               Hex            0%         N/A       75%         4
 Dimensional Bullseye     Hex/Tloc       0%         N/A       75%         4
 Flame Wave               Conj/Fire      0%         2d4       75%         4
 Fulminant Prism          Conj/Alch      0%         3d5       75%         4
 Iskenderun's Mystic Bla  Conj/Tloc      0%         2d3       75%         4
 Manifold Assault         Tloc           0%         N/A       75%         4
 Martyr's Knell           Necr/Summ      0%         N/A       75%         4
 Olgreb's Toxic Radiance  Alch           0%         N/A       75%         4
 Passage of Golubria      Tloc           0%         N/A       75%         4
 Sticky Flame             Fire/Alch      0%         2d4       75%         4
 Summon Blazeheart Golem  Fire/Summ      0%         N/A       75%         4
 Summon Lightning Spire   Summ/Air       0%         N/A       75%         4
 Vhi's Electric Charge    Tloc/Air       0%         N/A       75%         4
 Alistair's Intoxication  Alch           0%         N/A       97%         5
 Arcjolt                  Conj/Air       0%         1d10      97%         5
 Borgnjor's Vile Clutch   Necr/Erth      0%         N/A       97%         5
 Fireball                 Conj/Fire      0%         3d3       97%         5
 Iskenderun's Battlesphe  Conj           0%         2d6       97%         5
 Lee's Rapid Deconstruct  Erth           0%         3d4*      97%         5
 Metabolic Englaciation   Hex/Ice        0%         N/A       97%         5
 Silence                  Hex/Air        0%         N/A       97%         5
 Summon Forest            Summ/Tloc      0%         N/A       97%         5
 Summon Mana Viper        Hex/Summ       0%         N/A       97%         5
 Yara's Violent Unravell  Hex/Alch       0%         3d3       97%         5
 Conjure Ball Lightning   Conj/Air       0%         3x3d6     100%        6
 Death Channel            Necr           0%         N/A       100%        6
 Plasma Beam              Fire/Air       0%         2x1d10    100%        6
 Sculpt Simulacrum        Ice/Alch       0%         N/A       100%        6
 Starburst                Conj/Fire      0%         6d3       100%        6
 Summon Cactus Giant      Summ           0%         N/A       100%        6
 Enfeeble                 Hex            0%         N/A       100%        7
 Monstrous Menagerie      Summ           0%         N/A       100%        7
 Orb of Destruction       Conj           0%         9d5       100%        7
 Ozocubu's Refrigeration  Ice            0%         4d7       100%        7
 Spellforged Servitor     Conj/Summ      0%         N/A       100%        7
 Summon Hydra             Summ           0%         N/A       100%        7
 Discord                  Hex            0%         N/A       100%        8
 Disjunction              Tloc           0%         N/A       100%        8
 Lehudib's Crystal Spear  Conj/Erth      0%         10d2      100%        8
 Maxwell's Capacitive Co  Air            0%         ∞         100%        8
 Dragon's Call            Summ           0%         N/A       100%        9
 Polar Vortex             Ice            0%         N/A       100%        9


Dungeon Overview and Level Annotations

Branches:
Dungeon (15/15)            Temple (1/1) D:4            Lair (5/5) D:10
  Swamp (4/4) Lair:2       Spider (4/4) Lair:3        Slime (0/5) Lair:4
    Orc (2/2) D:9             Elf (3/3) Orc:2        Vaults (5/5) D:13
  Crypt (3/3) Vaults:3       Tomb (0/3) Crypt:3      Depths (4/4) D:15
    Zot (5/5) Depths:4    Ossuary (visited)         Volcano (visited)
Gauntlet (visited)

Altars:
Ashenzari
Cheibriados
Dithmenos
Elyvilon
Fedhas
Gozag
Hepliaklqana
Kikubaaqudgha
Makhleb
Nemelex Xobeh
Okawaru
Qazlal
Ru
Sif Muna
Trog
Uskayaw
Vehumet
Wu Jian
Xom
Yredelemnul
Zin
The Shining One

Shops:
D:2 ?   D:4 *   D:5 (   Orc:2 ((*?   Elf:2 (=[[:   Vaults:2 ((   Vaults:4 [(
Vaults:5 ![   Depths:1 [   Depths:3 ![*   Depths:4 ?*([

Portals:
Hell: Depths:1 Depths:2 Depths:3 Depths:4
Abyss: Depths:1 Depths:3
Pandemonium: Depths:2 Depths:3 Depths:4
Ziggurat: Depths:4
Bazaar: Vaults:4

Annotations:
Spider:1 2 transporters, Tripartite's ghost, adept MfBe
Spider:2 Roxanne
Zot:1 6 transporters
Zot:4 1 transporter
Zot:5 3 runed translucent doors, Netemen's ghost, master GnFi


Innate Abilities, Weirdness & Mutations

You are amphibious.
You cover ground slowly.
You can hop long distances.
You have an extended range of vision and can be seen from far away.
You are strong-willed. (Will+)
You are robust. (+10% HP)


Message History

No target in view!
No target in view!
No target in view!
No target in view!
No target in view!
No target in view!
No target in view!
There is a stone staircase leading up here.
You climb upwards.
There is a stone staircase leading down here.
There is a stone staircase leading up here.
You climb upwards.
There is a stone staircase leading down here.
A sixfirhy comes into view.
You open the sixfirhy like a pillowcase!!!
You kill the sixfirhy!
Cheibriados thoroughly appreciates the change of pace.
An Orb Guardian comes into view.
You can't go up here!
The Orb Guardian completely misses you. You block the Orb Guardian's attack. x3
There is a staircase leading out of the dungeon here.
You hit the Orb Guardian.
The Orb Guardian is lightly wounded.
You slash the Orb Guardian!
The Orb Guardian is lightly wounded.
You block the Orb Guardian's attack.
You slash the Orb Guardian!
The Orb Guardian is moderately wounded.
You block the Orb Guardian's attack.
You cut the Orb Guardian into ribbons!!!
The Orb Guardian is almost dead.
You block the Orb Guardian's attack.
You slice the Orb Guardian like a ripe choko!!!
You kill the Orb Guardian!
Cheibriados thoroughly appreciates the change of pace.
No target in view!
No target in view!
No target in view!
You have escaped!

#......#####........^.
######## #####.####.
########### #.# ##
#.........# #.# #
##.........# #.# #
##..........# #.# #
##.......♣...# #.# #
#.......8....# #.# #
#....@.......# #.# #
#............# #.# ##
#............# #.# #.
#............# #.# #.
##.)......#### #)# ##.
#..........# #.# #..
#..........# #.# #.#
#..........# #.# #.#
#.....>....## #.# #.#


There were no monsters in sight!

Vanquished Creatures
  2 dread liches
  Khufu (Crypt:3)
  An ancient lich (Vaults:5)
  5 orbs of fire
  Mara (Swamp:4)
  A royal mummy (Crypt:3)
  Xtahua (Depths:3)
  Boris (Depths:3)
  5 curse toes (Zot:4)
  A Killer Klown (Zot:5)
  A profane servitor (Abyss:4)
  Jory (Vaults:4)
  10 golden dragons
  Nikola (Elf:3)
  2 bone dragons (Crypt:3)
  the Enchantress (Depths:2)
  A Brimstone Fiend (D:3)
  3 electric golems
  16 tentacled monstrosities
  29 Orb Guardians
  9 liches
  A deep elf blademaster (Elf:3)
  8 titans
  2 deep elf master archers (Elf:3)
  3 tentacled starspawn
  2 Executioners
  5 sphinxes
  3 quicksilver dragons
  8 death cobs
  7 ancient champions
  13 storm dragons
  11 shadow dragons
  4 thorn hunters
  7 tengu reavers
  A revenant (Crypt:1)
  5 draconian monks
  An azure jelly (Lair:4)
  Donald (Vaults:1)
  A fenstrider witch (Swamp:2)
  8 fire giants
  Aizul (Vaults:1)
  7 emperor scorpions
  3 draconian knights
  3 protean progenitors
  6 draconian shifters
  12 ghost moths
  6 deep elf sorcerers (Elf:3)
  The ghost of Jyshioqe the Cleaver, a journeyman GnCA of Jiyva (D:15)
  13 frost giants
  17 vault wardens
  2 deep elf elementalists
  An iron dragon (D:12)
  6 draconian scorchers
  14 ghouls
  3 orc warlords
  A cacodemon (Abyss:5)
  28 ironbound preservers
  A reaper (Crypt:3)
  A draconian stormcaller (Zot:4)
  An angel (D:7)
  Louise (Swamp:4)
  5 curse skulls
  5 draconian annihilators
  3 spriggan defenders (Depths:2)
  3 broodmothers
  13 very ugly things
  3 juggernaut skeletons
  2 ironbound thunderhulks
  2 formless jellyfish (Vaults:1)
  The ghost of Liamsmithers the Spry, a journeyman MiGl of Dithmenos (D:14)
  2 caustic shrike skeletons (Depths:2)
  7 green draconians
  15 stone giants
  6 black draconians
  5 deep elf demonologists
  13 deep elf death magi
  8 vampire knights
  6 yellow draconians
  7 war gargoyles
  2 minotaurs
  10 eleionomae
  6 white draconians
  13 red draconians
  8 deep elf annihilators
  6 spark wasps
  5 bunyips
  14 purple draconians
  5 eidola
  13 dire elephants
  The ghost of ChrisAssaf the Covert, a journeyman HuBr of Hepliaklqana (Lair:2)
  13 ettins
  4 crystal guardians
  12 jiangshi
  4 deep elf high priests
  3 shambling mangroves (Swamp:4)
  5 entropy weavers
  A mummy priest (Crypt:3)
  A great orb of eyes (shapeshifter) (Vaults:4)
  12 yaktaur captains
  A merfolk javelineer (Depths:1)
  4 rakshasas
  7 fire dragons
  3 ice dragons
  2 spriggan air magi
  4 radroaches
  2 quicksilver dragon skeletons
  2 ghost crabs
  21 hydras
  32 vault guards
  A catoblepas (Gauntlet)
  7 peacekeepers
  A juggernaut simulacrum (Depths:1)
  12 centaur warriors
  6 ironbound frosthearts
  3 great orbs of eyes
  6 ogre magi
  An Orb Guardian zombie (Crypt:1)
  14 alligators
  2 jorogumos
  A sphinx skeleton (Depths:2)
  16 two-headed ogres
  9 boulder beetles
  9 spriggan skeletons
  2 deep troll shamans
  7 hell hogs
  6 death scarabs (Spider:4)
  8 vampire magi
  13 tengu warriors
  8 demonic crawlers
  3 occultists
  33 dancing weapons
  5 deep troll earth magi
  4 spriggan berserkers
  An orc high priest (Depths:3)
  9 deep elf knights
  6 soul eaters
  2 wretched stars (Abyss:5)
  12 hell knights
  Sonja (Lair:5)
  A skyshark (Lair:4)
  4 shadow wraiths
  9 iron trolls
  3 titan skeletons
  5 goliath frogs
  A golden dragon zombie (Crypt:3)
  Lodul (D:10)
  2 sixfirhies
  6 swamp dragons
  8 pharaoh ants
  6 large abominations
  A spectral spark wasp (D:15)
  A shining eye (shapeshifter) (Vaults:5)
  A salamander mystic (Volcano)
  78 skeletal warriors
  A death drake (Swamp:3)
  65 deep trolls
  4 storm dragon skeletons
  2 orb spiders (shapeshifter)
  25 ironbound convokers
  3 spectral hydras (Swamp:4)
  9 flayed ghosts
  11 orb spiders
  8 bog bodies
  8 deep elf archers
  3 glowing orange brains
  Pikel (D:5)
  9 arcanists
  An obsidian statue (Zot:5)
  12 lindwurms
  A golden dragon skeleton (Depths:2)
  2 sun moths
  2 harpies (Vaults:1)
  A bunyip skeleton (Crypt:3)
  2 anaconda skeletons (Crypt:3)
  7 spriggan druids
  6 orc knights
  A goliath frog zombie (Crypt:2)
  27 deep elf zephyrmancers
  16 phantasmal warriors
  8 steelbarb worms
  A fire giant zombie (Crypt:3)
  8 necromancers
  37 ugly things
  A wolf spider zombie (Spider:4)
  3 oklob plants (Swamp:4)
  16 wolf spiders
  A tengu skeleton (Depths:2)
  29 deep elf pyromancers
  An eleionoma zombie (Crypt:2)
  2 frost giant zombies (Depths:1)
  5 salamanders
  A shadow dragon skeleton (Depths:2)
  3 orc sorcerers
  3 iron dragon skeletons
  8 cyclopes
  Maurice (D:11)
  2 goliath frog skeletons
  A shining eye (Abyss:4)
  6 will-o-the-wisps
  3 frost giant skeletons (Depths:2)
  6 manticores
  3 kobold blastminers (Orc:1)
  26 moths of wrath
  5 stone giant skeletons
  A meliai (D:14)
  4 elephants (Lair:1)
  4 smoke demons
  8 black mambas
  A torpor snail (Spider:3)
  2 fire giant skeletons
  10 apocalypse crabs (Zot:4)
  14 cane toads
  19 vault sentinels
  A naga skeleton (Crypt:3)
  5 molten gargoyles
  A hellion (Depths:3)
  5 orange demons
  16 komodo dragons
  7 gargoyles
  2 minotaur zombies (Gauntlet)
  A rime drake (Lair:4)
  2 dire elephant skeletons (Crypt:3)
  A centaur skeleton (Crypt:3)
  Maggie (D:6)
  2 efreet (D:14)
  26 yaktaurs
  A redback zombie (Spider:4)
  An alligator snapping turtle skeleton (Crypt:3)
  5 freezing wraiths
  A kobold demonologist (D:14)
  2 spectral redbacks (Spider:4)
  6 tengu conjurers
  8 guardian mummies
  A tormentor (Depths:1)
  3 hydra zombies (Swamp:4)
  A merfolk (D:10)
  2 ancient zymes (Abyss:4)
  A red devil (Depths:2)
  A wolf spider simulacrum (Gauntlet)
  2 hornets (shapeshifter)
  2 hellwings (Zot:1)
  3 polar bears (Lair:4)
  15 trolls
  11 tyrant leeches
  15 hornets
  A troll (shapeshifter) (Vaults:5)
  2 hydra skeletons
  2 spectral culicivoras (Spider:4)
  A jumping spider zombie (Spider:4)
  2 culicivora zombies
  25 tarantellas
  4 harpy skeletons
  2 tarantella zombies
  11 blink frogs
  A raiju (shapeshifter) (Abyss:4)
  4 raiju
  A spectral jumping spider (Spider:4)
  2 spriggan zombies
  3 spectral tarantellas (Spider:4)
  An ettin zombie (Crypt:1)
  11 dream sheep
  16 culicivoras
  49 slime creatures
  2 air elementals
  A shadow (D:10)
  2 centaur simulacra (Gauntlet)
  22 jumping spiders
  3 small abominations
  5 water elementals
  3 vampires
  19 spriggans
  7 wyverns
  5 fire bats
  3 steam dragons
  38 yaks
  7 wraiths
  A fire elemental (Elf:1)
  4 basilisks
  6 wargs
  44 redbacks
  20 vampire mosquitoes
  A redback (shapeshifter) (Vaults:5)
  A glowing shapeshifter zombie (Depths:1)
  Menkaure (D:6)
  30 swamp worms
  2 chaos spawn (Abyss:4)
  3 swamp worms (shapeshifter)
  2 hydra simulacra (Swamp:4)
  Edmund (D:5)
  3 acid dragons
  4 hell hounds (Lair:5)
  A water nymph skeleton (Crypt:1)
  13 water moccasins
  7 glowing shapeshifter skeletons
  6 swamp drakes
  16 orc warriors
  A lindwurm zombie (Crypt:1)
  A spriggan simulacrum (D:15)
  3 ice beasts (D:8)
  4 black bears
  3 swamp dragon zombies (Swamp:4)
  33 ogres
  64 laughing skulls
  6 boggarts
  25 wolves
  21 centaurs
  A lemure (D:4)
  An elephant skeleton (Crypt:1)
  A phantom (D:4)
  A swamp dragon skeleton (Swamp:4)
  4 kobold brigands
  2 salamander zombies
  Blork the orc (D:6)
  7 necrophages
  A brain worm (Abyss:4)
  11 bullfrogs
  5 human skeletons
  3 gnoll sergeants
  A cyclops zombie (Crypt:3)
  10 water moccasin zombies (Ossuary)
  7 scorpions
  A yaktaur skeleton (Crypt:2)
  A wyvern skeleton (Crypt:1)
  A burial acolyte (Ossuary)
  A hornet simulacrum (Gauntlet)
  5 wights (D:8)
  2 shapeshifter zombies
  11 killer bees
  A raiju zombie (Crypt:2)
  2 electric eels
  A bombardier beetle (D:7)
  A bullfrog zombie (Crypt:1)
  11 lava snakes
  A human zombie (Crypt:1)
  12 orc priests
  5 jellies
  Crazy Yiuf (D:6)
  9 hounds
  6 iguanas
  6 hell rats (Lair:3)
  30 orc wizards
  2 crocodile zombies (Ossuary)
  An acid dragon skeleton (Crypt:3)
  2 spectral hounds (Depths:3)
  10 mummies
  8 adders
  16 gnolls
  A steam dragon skeleton (Crypt:1)
  2 swamp drake skeletons (Swamp:4)
  2 white imps
  6 adder zombies (Ossuary)
  2 ribbon worms
  3 dart slugs
  76 orcs
  A bat skeleton (Crypt:1)
  2 endoplasms
  7 goblins
  7 hobgoblins
  6 jackals (D:3)
  16 kobolds
  10 quokkas
  3 training dummies (D:5)
  7 ball pythons
  5 bats
  3 frilled lizards (D:2)
  8 gnoll zombies (Ossuary)
  6 jackal zombies (Ossuary)
  5 orc zombies (Ossuary)
  3 rats
  3 foxfires (Swamp:3)
  A spectral weapon (Zot:5)
  A starspawn tentacle (Abyss:5)
2561 creatures vanquished.

Vanquished Creatures (collateral kills)
  Sojobo (Crypt:1)
  A tengu reaver (Crypt:1)
  An emperor scorpion (Spider:1)
  A ghoul (Swamp:4)
  2 deep elf annihilators (Elf:1)
  A dancing weapon (Elf:2)
  A deep elf pyromancer (Elf:1)
  3 deep elf zephyrmancers (Elf:1)
  A torpor snail (Spider:3)
  A cane toad (Lair:1)
  A yaktaur (shapeshifter) (D:12)
  2 slime creatures (D:14)
  A hydra simulacrum (Swamp:4)
  An orc warrior (D:10)
  An orc (D:10)
19 creatures vanquished.

Vanquished Creatures (others)
  A tentacled monstrosity (Vaults:5)
  A black draconian (Zot:3)
  A yaktaur captain (D:13)
  A deep elf archer (Elf:1)
  An orb spider (Spider:2)
  An ironbound convoker (Vaults:4)
  3 deep elf pyromancers
  An ugly thing (D:14)
  A troll (D:10)
  A tarantella (Spider:4)
  A bloated husk (Swamp:3)
  2 slime creatures
  A jumping spider (Spider:4)
  A yak (D:10)
  A warg (Depths:3)
  A steam dragon (Lair:5)
  A chaos spawn (Abyss:4)
  2 centaurs (D:11)
  An orc wizard (Orc:1)
  27 foxfires
  6 starspawn tentacles
56 creatures vanquished.

Grand Total: 2636 creatures vanquished

Notes
Turn   | Place    | Note
-------+----------+-------------------------------------------
     0 | D:1      | bearlyready the Barachi Monk began the quest for the Orb.
     0 | D:1      | Reached XP level 1. HP: 18/18 MP: 1/1
   269 | D:1      | Reached XP level 2. HP: 24/24 MP: 2/2
   304 | D:1      | Found a faded altar of an unknown god.
   398 | D:1      | Got Beginning Hermeneutics
   684 | D:2      | You fall into a shaft and drop 2 floors!
   684 | D:4      | Found a staircase to the Ecumenical Temple.
   695 | Temple   | Entered the Ecumenical Temple
   704 | Temple   | Became a worshipper of Cheibriados the Contemplative
   704 | Temple   | Reached * piety under Cheibriados
   704 | Temple   | Reached ** piety under Cheibriados
   737 | D:3      | Reached XP level 3. HP: 29/29 MP: 3/3
   747 | D:3      | Reached skill level 5 in Long Blades
  1281 | D:3      | Reached XP level 4. HP: 27/36 MP: 4/4
  1523 | D:2      | Reached *** piety under Cheibriados
  1662 | D:2      | Found Ashudot's Magic Scroll Emporium.
  1665 | D:2      | Bought a scroll of enchant weapon for 90 gold pieces
  1665 | D:2      | Bought a scroll of teleportation for 36 gold pieces
  1665 | D:2      | Bought a scroll of identify for 24 gold pieces
  1808 | D:2      | Reached XP level 5. HP: 41/41 MP: 5/5
  2462 | D:4      | Noticed a black bear
  2474 | D:4      | Killed a black bear
  2475 | D:4      | Reached XP level 6. HP: 41/47 MP: 6/6
  2536 | D:4      | Found a sparkling altar of Nemelex Xobeh.
  2684 | D:4      | Found Juuseb's Lightly-Used Armoury.
  2882 | D:5      | Entered Level 5 of the Dungeon
  2882 | D:5      | Noticed Pikel
  2882 | D:5      | Noticed a black bear
  2941 | D:4      | Reached **** piety under Cheibriados
  3042 | D:4      | Reached XP level 7. HP: 41/52 MP: 7/7
  3157 | D:5      | Killed Pikel
  3158 | D:5      | Reached skill level 5 in Evocations
  3158 | D:5      | Reached XP level 8. HP: 37/59 MP: 8/8
  3181 | D:5      | Identified the +0 robe of Optimism {rCorr Archmagi}
  3227 | D:5      | Identified the +8 sling "Hamarrov" {drain, rF+ rC- rN+
                  | rCorr Int+2}
  3244 | D:5      | Found Demm's Firing Range.
  3489 | D:5      | Noticed Edmund
  3503 | D:5      | Killed Edmund
  3504 | D:5      | Reached skill level 10 in Long Blades
  3718 | D:5      | Found a radiant altar of Vehumet.
  3738 | D:5      | Found a bloodstained altar of Trog.
  3844 | D:6      | Found a runed translucent door.
  3845 | D:6      | Noticed Crazy Yiuf
  3974 | D:6      | Noticed Maggie
  3975 | D:6      | Noticed Blork the orc
  3992 | D:6      | Killed Maggie
  3992 | D:6      | Killed Blork the orc
  3993 | D:6      | Reached XP level 9. HP: 18/64 MP: 3/9
  4181 | D:6      | Found a glowing golden altar of the Shining One.
  4230 | D:6      | Reached ***** piety under Cheibriados
  4324 | D:6      | Found a sand-covered staircase.
  4332 | Ossuary  | Entered an ossuary
  4965 | D:6      | Found Luotod's General Store.
  5239 | D:6      | Noticed Menkaure
  5245 | D:6      | Killed Menkaure
  5408 | D:6      | Killed Crazy Yiuf
  5557 | D:7      | Reached skill level 1 in Armour
  5557 | D:7      | Reached XP level 10. HP: 71/71 MP: 10/10
  5675 | D:7      | Reached skill level 1 in Invocations
  6493 | D:8      | Found a shimmering altar of Xom.
  6494 | D:8      | Found a hazy altar of Hepliaklqana.
  6494 | D:8      | Noticed a cane toad
  6495 | D:8      | Noticed a spectral ugly thing
  6495 | D:8      | Noticed a cane toad
  6545 | D:8      | Reached skill level 15 in Long Blades
  6607 | D:8      | Noticed a two-headed ogre
  6618 | D:8      | Killed a two-headed ogre
  6619 | D:8      | Reached skill level 5 in Fighting
  6661 | D:8      | Reached ****** piety under Cheibriados
  7054 | D:8      | Noticed a gargoyle
  7058 | D:8      | Killed a gargoyle
  7059 | D:8      | Found a blossoming altar of Fedhas.
  7219 | D:8      | Found a hide-covered altar of Uskayaw.
  7577 | D:8      | Reached XP level 11. HP: 68/81 MP: 10/13
  8111 | D:9      | Found a staircase to the Orcish Mines.
  8136 | D:9      | Reached skill level 5 in Armour
  8477 | D:9      | Identified the maw talisman "Fimatask" {Fly Will- Str+6}
  8526 | D:10     | Entered Level 10 of the Dungeon
  8716 | D:10     | Found a staircase to the Lair.
  8886 | D:10     | Identified the ring of Naanimeu {rN+ Int+2}
  9030 | D:10     | Noticed a two-headed ogre
  9051 | D:10     | Killed a two-headed ogre
  9432 | D:10     | Noticed Lodul
  9437 | D:10     | Killed Lodul
  9693 | D:10     | Found a burning altar of Makhleb.
  9929 | Lair:1   | Entered Level 1 of the Lair of Beasts
  9934 | Lair:1   | Reached skill level 5 in Invocations
  9958 | Lair:1   | Reached XP level 12. HP: 10/92 MP: 0/16
 10205 | Lair:1   | Found a dark tunnel.
 10214 | Volcano  | Entered a volcano
 10433 | Volcano  | Reached skill level 10 in Evocations
 10433 | Volcano  | Gained mutation: You can hop long distances. [Barachi
                  | growth]
 10433 | Volcano  | Reached XP level 13. HP: 101/101 MP: 17/17
 10504 | Volcano  | Found a burning altar of Makhleb.
 10762 | Volcano  | Reached skill level 10 in Fighting
 11112 | Lair:1   | Reached skill level 1 in Shields
 11529 | Lair:1   | Identified a scroll of acquirement
 11689 | Lair:1   | Acquired a +0 helmet of see invisible
 11827 | Lair:2   | Reached skill level 10 in Armour
 11852 | Lair:2   | Found a staircase to the Swamp.
 12332 | Lair:2   | Found a transporter.
 12338 | Lair:2   | Noticed ChrisAssaf's ghost (journeyman HuBr)
 12340 | Lair:2   | Found a bloodstained altar of Trog.
 12387 | Lair:2   | Found a transporter.
 12709 | Lair:3   | Reached skill level 5 in Shields
 13042 | Lair:3   | Found a hole to the Spider Nest.
 13132 | Lair:3   | Reached XP level 14. HP: 110/110 MP: 19/19
 13432 | Spider:1 | Entered Level 1 of the Spider Nest
 13830 | Lair:4   | Found a staircase to the Slime Pits.
 14461 | Lair:4   | Reached skill level 10 in Shields
 14499 | Lair:4   | Noticed an azure jelly
 14512 | Lair:4   | Killed an azure jelly
 14831 | Lair:5   | Entered Level 5 of the Lair of Beasts
 15011 | Lair:5   | Found an ancient bone altar of Kikubaaqudgha.
 15231 | Orc:1    | Entered Level 1 of the Orcish Mines
 15850 | Orc:2    | Entered Level 2 of the Orcish Mines
 15850 | Orc:2    | Found a staircase to the Elven Halls.
 15858 | Orc:2    | Paralysed by an orc sorcerer for 2 turns
 15924 | Orc:2    | Found Foxkuaq's Antique Weapon Shoppe.
 15930 | Orc:2    | Reached XP level 15. HP: 87/115 MP: 0/20
 16099 | Orc:2    | Found Hulemaon's Weapon Emporium.
 16100 | Orc:2    | Found Foutamo's Assorted Antiques.
 16103 | Orc:2    | Found Zinwoafy's Magic Scroll Shop.
 16115 | Orc:2    | Bought a scroll of enchant weapon for 97 gold pieces
 16115 | Orc:2    | Bought a scroll of enchant weapon for 97 gold pieces
 16115 | Orc:2    | Bought 2 scrolls of teleportation for 78 gold pieces
 16115 | Orc:2    | Bought 3 scrolls of identify for 78 gold pieces
 16115 | Orc:2    | Bought 3 scrolls of identify for 78 gold pieces
 16163 | Orc:2    | Bought a scroll of enchant weapon for 210 gold pieces
 16752 | D:11     | Noticed Maurice
 16777 | D:11     | Maurice stole the ring of Naanimeu {rN+ Int+2}
 16779 | D:11     | Maurice stole the maw talisman "Fimatask" {Fly Will- Str+6}
 16783 | D:11     | Killed Maurice
 16981 | D:11     | Reached skill level 15 in Shields
 17412 | D:12     | Found a gate leading to a gauntlet.
 17419 | Gauntlet | Entered a Gauntlet
 17419 | Gauntlet | Found a transporter.
 17419 | Gauntlet | Found a transporter.
 17420 | Gauntlet | Found a transporter.
 17432 | Gauntlet | Found a transporter.
 17433 | Gauntlet | Found a transporter.
 17439 | Gauntlet | Found a runed translucent gate.
 17439 | Gauntlet | Found a runed translucent gate.
 17439 | Gauntlet | Found a runed translucent gate.
 17441 | Gauntlet | Found a transporter.
 17445 | Gauntlet | Found a transporter.
 17460 | Gauntlet | Found a transporter.
 17473 | Gauntlet | Found a transporter.
 17490 | Gauntlet | Found a transporter.
 17494 | Gauntlet | Found a transporter.
 17507 | Gauntlet | Found a transporter.
 17588 | Gauntlet | Identified the -1 cloak of Starshine {rPois}
 18144 | D:12     | Noticed an iron dragon
 18160 | D:12     | Killed an iron dragon
 18699 | D:12     | Found a portal to a secret trove of treasure.
 19060 | D:14     | Noticed Liamsmithers's ghost (journeyman MiGl)
 19419 | D:13     | Found a gate to the Vaults.
 19625 | Elf:1    | Entered Level 1 of the Elven Halls
 19693 | Elf:1    | Noticed a deep elf elementalist
 19699 | Elf:1    | Killed a deep elf elementalist
 20539 | Elf:2    | Identified the +2 leather armour of the Last Nightcaps
                  | {Dex+3}
 20601 | Elf:2    | Reached XP level 16. HP: 104/126 MP: 13/22
 20616 | Elf:2    | Paralysed by an air elemental for 1 turns
 21452 | Elf:2    | Reached skill level 10 in Dodging
 21685 | Lair:5   | Noticed Sonja
 21698 | Lair:5   | Killed Sonja
 22160 | Lair:5   | Found a large runed translucent door.
 22238 | Lair:5   | Found a large runed translucent door.
 22739 | Lair:5   | Identified the +6 shortbow "Hufifuhy" {heavy, rElec}
 22920 | Spider:1 | Identified the +10 pearl dragon scales "Tor Ukki" {+Inv rF+
                  | rN+ Int+2}
 23100 | Spider:1 | Found a transporter.
 23103 | Spider:1 | Noticed Tripartite's ghost (adept MfBe)
 23104 | Spider:1 | Found a transporter.
 23726 | Spider:1 | Reached skill level 1 in Throwing
 24538 | Spider:2 | Noticed Roxanne
 25167 | Spider:2 | Reached XP level 17. HP: 136/136 MP: 23/23
 28050 | Spider:4 | Entered Level 4 of the Spider Nest
 29171 | Spider:4 | Reached skill level 5 in Throwing
 29793 | Spider:4 | Reached XP level 18. HP: 147/147 MP: 24/24
 30386 | Spider:4 | Identified the +0 hat "Wuqerrux" {Regen+}
 30398 | Spider:4 | Got a gossamer rune of Zot
 30738 | D:12     | You paid a toll of 8 potions of haste to enter a treasure
                  | trove
 30739 | Trove    | Entered a treasure trove
 30746 | Trove    | Identified the +2 pair of boots "Haodisk" {rPois rF+
                  | Stlth+}
 30751 | Trove    | Identified the +2 leather armour of Impermeability {rC+}
 30753 | Trove    | Identified the amulet "Yneutet" {+Blink Regen+ Str-2 Dex+4}
 30766 | Trove    | Identified the +1 ice dragon scales "Wenaebink" {Harm rF-
                  | rC++ Str+2 Dex+2}
 31029 | Elf:1    | Acquired a +5 demon blade of electrocution
 31271 | Elf:1    | Paralysed by an air elemental for 1 turns
 31496 | Elf:2    | Found a runed translucent gate.
 31496 | Elf:2    | Found a runed translucent gate.
 31496 | Elf:2    | Found a runed translucent gate.
 31599 | Elf:2    | Found Lusy's Antique Armour Shoppe.
 31662 | Elf:2    | Found Akuth's Jewellery Shop.
 31704 | Elf:2    | Found Ifassuore's Armour Shop.
 31712 | Elf:2    | Reached skill level 15 in Fighting
 31814 | Elf:2    | Found Liwkur's Antique Weapon Boutique.
 31914 | Elf:2    | Found Hesaikk's Book Emporium.
 32701 | Elf:2    | Identified the blade talisman "Eviolliz" {rElec Dex+3}
 32868 | Elf:3    | Entered Level 3 of the Elven Halls
 33246 | Elf:3    | Noticed Nikola
 33255 | Elf:3    | Killed Nikola
 33518 | Abyss:3  | Found a corrupted altar of Lugonu.
 33518 | Abyss:3  | Cast into level 3 of the Abyss (a deep elf demonologist)
 33561 | Abyss:3  | Found a corrupted altar of Lugonu.
 33564 | Abyss:3  | Found a shimmering altar of Xom.
 33577 | Abyss:4  | Reached XP level 19. HP: 157/157 MP: 25/25
 33592 | Abyss:4  | Found a corrupted altar of Lugonu.
 33657 | Abyss:4  | Found a glowing golden altar of the Shining One.
 33681 | Abyss:4  | Noticed a profane servitor
 33695 | Abyss:4  | Killed a profane servitor
 33887 | Abyss:4  | Gained mutation: You occasionally lose the ability to read
                  | scrolls when taking damage. [a shining eye]
 33997 | Abyss:5  | Gained mutation: You occasionally shout uncontrollably at
                  | your foes. [a cacodemon]
 34004 | Abyss:5  | Gained mutation: Your magical capacity is low. (-10% MP) [a
                  | cacodemon]
 34026 | Elf:3    | Escaped the Abyss
 34043 | Elf:3    | Lost mutation: You occasionally shout uncontrollably at
                  | your foes. [potion of mutation]
 34043 | Elf:3    | Lost mutation: You occasionally lose the ability to read
                  | scrolls when taking damage. [potion of mutation]
 34043 | Elf:3    | Gained mutation: You are weak. (Str -2) [potion of
                  | mutation]
 34281 | Elf:3    | Identified the amulet of Zin's Reproof {Reflect Will+ SH+5
                  | SInv}
 34283 | Elf:3    | Noticed an Ice Fiend
 34291 | Elf:3    | Identified the +6 battleaxe of Certain Death {freeze,
                  | Int+3}
 34308 | Elf:3    | Identified the +7 short sword of Tis Rub {freeze, rF- rN++
                  | Str+5}
 34316 | Elf:3    | Identified the +3 quarterstaff of Tiuq {heavy, Str+2}
 34627 | Elf:3    | Identified the ring of Himik {rF+ Will+ rCorr Str+2 Int+4}
 34819 | Elf:3    | Identified the +7 sling of Beogh's Condemnation {drain,
                  | rCorr Dex+3}
 34834 | Elf:3    | Identified the +0 ring mail of Zin's Inspiration {Regen+
                  | MP+9 SInv}
 34839 | Elf:3    | Identified the +0 scale mail of Glamorous Intercession {rF+
                  | Str-2 SInv}
 34874 | Elf:3    | Identified the +1 spear of Friendship {drain, rN+}
 34882 | Elf:3    | Identified the +5 arbalest "Viez" {penet, rF+ rCorr}
 35005 | Elf:3    | Identified the staff of the Blue God {rElec rPois rF+ rCorr
                  | Str+2 Air}
 35363 | Lair:2   | Killed ChrisAssaf's ghost
 35441 | Swamp:1  | Entered Level 1 of the Swamp
 36340 | Swamp:2  | Reached XP level 20. HP: 168/168 MP: 24/24
 36402 | Swamp:2  | Reached skill level 15 in Evocations
 37288 | Swamp:4  | Entered Level 4 of the Swamp
 37340 | Swamp:4  | Noticed Mara
 37347 | Swamp:4  | Noticed bearlyready's illusion
 37369 | Swamp:4  | Killed Mara
 38613 | Swamp:4  | Noticed Louise
 38627 | Swamp:4  | Killed Louise
 38987 | Swamp:4  | Found a blossoming altar of Fedhas.
 39275 | Swamp:4  | Got a decaying rune of Zot
 39292 | Swamp:4  | Found a basalt altar of Yredelemnul.
 40425 | D:13     | Reached XP level 21. HP: 140/177 MP: 25/25
 40500 | D:13     | Learned a level 1 spell: Apportation
 40659 | D:14     | Found a runed translucent gate.
 40660 | D:14     | Found a runed translucent gate.
 40711 | D:14     | Found a runed translucent gate.
 41211 | D:14     | Killed Liamsmithers's ghost
 41249 | D:15     | Entered Level 15 of the Dungeon
 41610 | D:15     | Found a transporter.
 41611 | D:15     | Noticed Jyshioqe's ghost (journeyman GnCA)
 41657 | D:15     | Found a transporter.
 41911 | D:15     | Found a staircase to the Depths.
 42011 | D:15     | Killed Jyshioqe's ghost
 42102 | Vaults:1 | Entered Level 1 of the Vaults
 42608 | Vaults:1 | Noticed Donald
 42633 | Vaults:1 | Killed Donald
 42723 | Vaults:1 | Identified the serpent talisman "Foak" {rC+++}
 42723 | Vaults:1 | Noticed Aizul
 42729 | Vaults:1 | Killed Aizul
 43501 | Vaults:1 | Reached XP level 22. HP: 186/186 MP: 25/25
 43852 | Vaults:1 | Got the Almanac of Reason
 43865 | Vaults:1 | Got the Parchment of Assistive Force
 43956 | Vaults:1 | Identified the +6 morningstar "Neafargh" {freeze, rC+ rN+++
                  | Will+ Dex-3}
 44742 | Vaults:2 | Found Unkayff's Weapon Shop.
 44938 | Vaults:2 | Reached skill level 15 in Armour
 45039 | Vaults:2 | Found Buduba's Antique Weapon Boutique.
 46462 | Vaults:3 | Found a staircase to the Crypt.
 46618 | Vaults:4 | Found Luquuh's Weapon Shop.
 46775 | Vaults:4 | Reached XP level 23. HP: 142/196 MP: 26/26
 47026 | Vaults:4 | Noticed Jory
 47038 | Vaults:4 | Killed Jory
 47129 | Vaults:4 | Got Pedeow's Teachings on the Chill
 47254 | Vaults:4 | Found Jocleef's Antique Armour Shoppe.
 47362 | Vaults:4 | Found a gateway to a bazaar.
 47984 | Crypt:1  | Entered Level 1 of the Crypt
 49072 | Crypt:1  | Noticed Sojobo
 49085 | Crypt:1  | Paralysed by an air elemental for 1 turns
 49087 | Crypt:1  | Paralysed by an air elemental for 1 turns
 49097 | Crypt:1  | Killed Sojobo
 50021 | Crypt:2  | Reached skill level 15 in Dodging
 50300 | Crypt:3  | Entered Level 3 of the Crypt
 50609 | Crypt:3  | Identified the +2 ring mail of Honour {+Blink rN+ Dex-5}
 50673 | Crypt:3  | Noticed a royal mummy
 50676 | Crypt:3  | Noticed Khufu
 50689 | Crypt:3  | Found a staircase to the Tomb.
 50970 | Crypt:3  | Reached XP level 24. HP: 186/205 MP: 26/26
 51176 | Vaults:5 | Entered Level 5 of the Vaults
 51321 | Vaults:5 | Identified the +8 great mace of the Three Hosts {freeze,
                  | Will+ Str-2 Dex+3}
 51659 | Vaults:5 | Noticed an ancient lich
 51668 | Vaults:5 | Killed an ancient lich
 51694 | Vaults:5 | Identified the +6 great sword of Punishment {drain, rElec
                  | Str+3 Dex-4}
 52213 | Vaults:5 | Identified the +11 orcbow of Qoawou {flame, rC++}
 52684 | Vaults:5 | Found Jetykk's Antique Armour Shoppe.
 53065 | Vaults:5 | Found Wenwer's Distillery.
 53070 | Vaults:5 | Bought a potion of magic for 192 gold pieces
 53070 | Vaults:5 | Bought a potion of heal wounds for 120 gold pieces
 53070 | Vaults:5 | Bought a potion of heal wounds for 120 gold pieces
 53070 | Vaults:5 | Bought a potion of might for 96 gold pieces
 53070 | Vaults:5 | Bought a potion of might for 96 gold pieces
 53070 | Vaults:5 | Bought a potion of mutation for 192 gold pieces
 53337 | Vaults:5 | Identified the +5 arbalest "Itte" {flame, ^Drain Int+3
                  | Dex+2}
 53383 | Vaults:5 | Identified the +1 leather armour "Ycsineih" {rCorr Int+5}
 53451 | Vaults:5 | Got a silver rune of Zot
 53543 | Vaults:5 | Reached XP level 25. HP: 209/216 MP: 26/26
 54574 | Crypt:3  | Found an ancient bone altar of Kikubaaqudgha.
 54651 | Crypt:3  | Killed a royal mummy
 54687 | Crypt:3  | Noticed a dread lich
 55117 | Crypt:3  | Killed Khufu
 55294 | Crypt:3  | Killed a dread lich
 55344 | Crypt:3  | Identified the staff of Lies {rPois rN+ Int+3 Dex-3
                  | Alchemy}
 56190 | Depths:1 | Entered Level 1 of the Depths
 56190 | Depths:1 | Found a gateway to Hell.
 56308 | Depths:1 | Identified the +12 great sword of Ceirodyo {venom, rC+
                  | Int+6}
 56554 | Depths:1 | Found a one-way gate to the infinite horrors of the Abyss.
 56747 | Depths:1 | Found a runed translucent door.
 56757 | Depths:1 | Found Bimytwuas's Antique Armour Boutique.
 57402 | Depths:2 | Identified the +4 hand axe "Lowiett" {speed, rElec rF-
                  | Int+3 Stlth+}
 57409 | Depths:2 | Noticed the Enchantress
 57416 | Depths:2 | Killed the Enchantress
 57417 | Depths:2 | Reached XP level 26. HP: 207/224 MP: 21/26
 57489 | Depths:2 | Identified the scarf "Plog" {+Inv, rC- Regen+ Int+2 Stlth+}
 57622 | Depths:2 | Identified the staff of Baipesud {rF+ Str-4 Int+5 Fire}
 58184 | Depths:2 | Reached skill level 27 in Long Blades
 58214 | Depths:2 | Found a one-way gate leading to the halls of Pandemonium.
 58364 | Depths:2 | Found an ancient bone altar of Kikubaaqudgha.
 58721 | Depths:3 | Identified the +0 plate armour of the Stone Wall {-Tele Fly
                  | rPois Will+}
 58772 | Depths:3 | Found a sparkling altar of Nemelex Xobeh.
 58776 | Depths:3 | Identified the amulet "Oclow" {Faith Str+4}
 58913 | Depths:3 | Identified the +8 hand axe "Bowih" {holy, Str+2}
 59081 | Depths:3 | Noticed Xtahua
 59082 | Depths:3 | Noticed Boris
 59099 | Depths:3 | Killed Xtahua
 59111 | Depths:3 | Killed Boris
 59468 | Depths:3 | Found Vomur's General Store.
 59515 | Depths:3 | Bought a potion of curing for 30 gold pieces
 59515 | Depths:3 | Bought a scroll of enchant weapon for 75 gold pieces
 59515 | Depths:3 | Bought a scroll of enchant armour for 75 gold pieces
 59532 | Depths:3 | Found The Legendary Huadyq's Legendary Smithy.
 59581 | Depths:3 | Found a glowing silver altar of Zin.
 59608 | Depths:3 | Found Nokhluhy's Miraculous Elixirs.
 60647 | Depths:4 | Entered Level 4 of the Depths
 60913 | Depths:4 | Found a gate to the Realm of Zot.
 61100 | Depths:4 | Found Wiroiv's Weapon Boutique.
 61101 | Depths:4 | Found Ajufyj's Armour Boutique.
 61101 | Depths:4 | Found Oxecos's Magic Scroll Shop.
 61113 | Depths:4 | Reached skill level 27 in Shields
 61139 | Depths:4 | Found Qonwulost's General Store.
 61150 | Depths:4 | Bought a scroll of butterflies for 84 gold pieces
 61153 | Depths:4 | Bought a scroll of blinking for 150 gold pieces
 61153 | Depths:4 | Bought a scroll of teleportation for 60 gold pieces
 61153 | Depths:4 | Bought a scroll of butterflies for 80 gold pieces
 61153 | Depths:4 | Bought a scroll of revelation for 150 gold pieces
 61262 | Depths:4 | Found a one-way gateway to a ziggurat.
 61536 | Zot:1    | Entered Level 1 of the Realm of Zot
 61536 | Zot:1    | Found a transporter.
 61536 | Zot:1    | Found a transporter.
 61547 | Zot:1    | Found a transporter.
 61548 | Zot:1    | Found a transporter.
 61606 | Zot:1    | Reached XP level 27. HP: 189/230 MP: 26/26
 61606 | Zot:1    | Noticed an orb of fire
 61624 | Zot:1    | Killed an orb of fire
 62018 | Zot:1    | Found a transporter.
 62023 | Zot:1    | Found a transporter.
 62028 | Zot:1    | Identified the +11 hand axe of the Resonant God {heavy,
                  | rPois Str+3 Int+2}
 64780 | Zot:4    | Found a transporter.
 67792 | Zot:5    | Entered Level 5 of the Realm of Zot
 67864 | Zot:5    | Found a runed translucent gate.
 67865 | Zot:5    | Found a runed translucent gate.
 67866 | Zot:5    | Found a runed translucent gate.
 67866 | Zot:5    | Noticed an orb of fire
 67867 | Zot:5    | Noticed Netemen's ghost (master GnFi)
 68047 | Zot:5    | Acquired 532 gold pieces
 68049 | Zot:5    | Noticed a dread lich
 68065 | Zot:5    | Killed a dread lich
 68113 | Zot:5    | Noticed an orb of fire
 68113 | Zot:5    | Noticed an orb of fire
 68113 | Zot:5    | Gained mutation: You have a pair of small horns on your
                  | head. [an orb of fire]
 68113 | Zot:5    | Gained mutation: Your body sometimes deteriorates upon
                  | taking damage. [an orb of fire]
 68116 | Zot:5    | Lost mutation: You have a pair of small horns on your head.
                  | [potion of mutation]
 68116 | Zot:5    | Lost mutation: You are weak. (Str -2) [potion of mutation]
 68116 | Zot:5    | Gained mutation: Your body often deteriorates upon taking
                  | damage. [potion of mutation]
 68128 | Zot:5    | Killed an orb of fire
 68129 | Zot:5    | Gained mutation: Armour fits poorly on your strangely
                  | shaped body. [an orb of fire]
 68145 | Zot:5    | Gained mutation: Your spells are a little easier to cast,
                  | but a little less powerful. [an orb of fire]
 68145 | Zot:5    | Gained mutation: You are vulnerable to heat. (rF-) [an orb
                  | of fire]
 68146 | Zot:5    | Killed an orb of fire
 68563 | Zot:5    | Noticed an orb of fire
 68570 | Zot:5    | Gained mutation: You have hidden genetic defects. [an orb
                  | of fire]
 68579 | Zot:5    | Killed an orb of fire
 68592 | Zot:5    | Lost mutation: Armour fits poorly on your strangely shaped
                  | body. [potion of mutation]
 68592 | Zot:5    | Lost mutation: Your magical capacity is low. (-10% MP)
                  | [potion of mutation]
 68592 | Zot:5    | Gained mutation: You occasionally shout uncontrollably at
                  | your foes. [potion of mutation]
 68592 | Zot:5    | Gained mutation: You sometimes lose your temper in combat.
                  | [potion of mutation]
 68592 | Zot:5    | Gained mutation: You have a pair of small antennae on your
                  | head. [potion of mutation]
 68593 | Zot:5    | Lost mutation: Your body often deteriorates upon taking
                  | damage. [potion of mutation]
 68593 | Zot:5    | Lost mutation: You have a pair of small antennae on your
                  | head. [potion of mutation]
 68593 | Zot:5    | Lost mutation: You are vulnerable to heat. (rF-) [potion of
                  | mutation]
 68593 | Zot:5    | Gained mutation: You occasionally lose the ability to drink
                  | potions when taking damage. [potion of mutation]
 68593 | Zot:5    | Gained mutation: Your spells are easier to cast, but less
                  | powerful. [potion of mutation]
 68593 | Zot:5    | Gained mutation: You have sharp toenails. [potion of
                  | mutation]
 68594 | Zot:5    | Lost mutation: You occasionally shout uncontrollably at
                  | your foes. [potion of mutation]
 68594 | Zot:5    | Lost mutation: You sometimes lose your temper in combat.
                  | [potion of mutation]
 68594 | Zot:5    | Gained mutation: You sometimes lose your temper in combat.
                  | [potion of mutation]
 68594 | Zot:5    | Lost mutation: You have hidden genetic defects. [potion of
                  | mutation]
 68594 | Zot:5    | Gained mutation: You are occasionally teleported next to
                  | monsters. [potion of mutation]
 68595 | Zot:5    | Lost mutation: Your body sometimes deteriorates upon taking
                  | damage. [potion of mutation]
 68595 | Zot:5    | Lost mutation: You occasionally lose the ability to drink
                  | potions when taking damage. [potion of mutation]
 68595 | Zot:5    | Lost mutation: You have sharp toenails. [potion of
                  | mutation]
 68595 | Zot:5    | Gained mutation: Your movements are slightly less
                  | encumbered by armour. (ER -2) [potion of mutation]
 68601 | Zot:5    | Lost mutation: You sometimes lose your temper in combat.
                  | [potion of mutation]
 68601 | Zot:5    | Lost mutation: You are occasionally teleported next to
                  | monsters. [potion of mutation]
 68601 | Zot:5    | Gained mutation: You occasionally lose the ability to drink
                  | potions when taking damage. [potion of mutation]
 68601 | Zot:5    | Gained mutation: You are resistant to electric shocks.
                  | (rElec) [potion of mutation]
 68601 | Zot:5    | Lost mutation: You are resistant to electric shocks.
                  | (rElec) [potion of mutation]
 68609 | Zot:5    | Noticed an orb of fire
 68609 | Zot:5    | Noticed a dread lich
 68609 | Zot:5    | Noticed an orb of fire
 68610 | Zot:5    | Gained mutation: You have hidden genetic defects. [an orb
                  | of fire]
 68610 | Zot:5    | Gained mutation: You are weak. (Str -2) [an orb of fire]
 68613 | Zot:5    | Gained mutation: Armour fits poorly on your strangely
                  | shaped body. [an orb of fire]
 68613 | Zot:5    | Gained mutation: Your health recovers twice as slowly from
                  | being drained. [an orb of fire]
 68616 | Zot:5    | Gained mutation: Your magical capacity is low. (-10% MP)
                  | [an orb of fire]
 68620 | Zot:5    | Killed an orb of fire
 68620 | Zot:5    | Gained mutation: Your body sometimes deteriorates upon
                  | taking damage. [an orb of fire]
 68642 | Zot:5    | Lost mutation: Your movements are slightly less encumbered
                  | by armour. (ER -2) [potion of mutation]
 68642 | Zot:5    | Lost mutation: You occasionally lose the ability to drink
                  | potions when taking damage. [potion of mutation]
 68642 | Zot:5    | Gained mutation: You do not regenerate when monsters are
                  | visible. [potion of mutation]
 68642 | Zot:5    | Lost mutation: Your spells are easier to cast, but less
                  | powerful. [potion of mutation]
 68642 | Zot:5    | Gained mutation: You passively map a small area around you.
                  | [potion of mutation]
 68643 | Zot:5    | Lost mutation: You are weak. (Str -2) [potion of mutation]
 68643 | Zot:5    | Lost mutation: Your body sometimes deteriorates upon taking
                  | damage. [potion of mutation]
 68643 | Zot:5    | Gained mutation: Your mind is acute. (Int +4, Str/Dex -1)
                  | [potion of mutation]
 68644 | Zot:5    | Lost mutation: Your spells are a little easier to cast, but
                  | a little less powerful. [potion of mutation]
 68644 | Zot:5    | Lost mutation: Your magical capacity is low. (-10% MP)
                  | [potion of mutation]
 68644 | Zot:5    | Lost mutation: Your mind is acute. (Int +4, Str/Dex -1)
                  | [potion of mutation]
 68644 | Zot:5    | Gained mutation: You have very sharp teeth. [potion of
                  | mutation]
 68645 | Zot:5    | Lost mutation: Armour fits poorly on your strangely shaped
                  | body. [potion of mutation]
 68645 | Zot:5    | Lost mutation: You have very sharp teeth. [potion of
                  | mutation]
 68645 | Zot:5    | Gained mutation: You passively dampen the noise of your
                  | surroundings. [potion of mutation]
 68645 | Zot:5    | Gained mutation: You have a pair of small horns on your
                  | head. [potion of mutation]
 68664 | Zot:5    | Lost mutation: Your health recovers twice as slowly from
                  | being drained. [potion of mutation]
 68664 | Zot:5    | Lost mutation: You passively dampen the noise of your
                  | surroundings. [potion of mutation]
 68664 | Zot:5    | Gained mutation: Your spells are a little harder to cast,
                  | but a little more powerful. [potion of mutation]
 68670 | Zot:5    | Lost mutation: You passively map a small area around you.
                  | [potion of mutation]
 68670 | Zot:5    | Lost mutation: You have a pair of small horns on your head.
                  | [potion of mutation]
 68670 | Zot:5    | Lost mutation: You do not regenerate when monsters are
                  | visible. [potion of mutation]
 68670 | Zot:5    | Gained mutation: You are strong-willed. (Will+) [potion of
                  | mutation]
 69019 | Zot:5    | Identified the +8 flail "Yjeizaes" {vamp, Str+8}
 69272 | Zot:5    | Lost mutation: You have hidden genetic defects. [potion of
                  | mutation]
 69272 | Zot:5    | Lost mutation: Your spells are a little harder to cast, but
                  | a little more powerful. [potion of mutation]
 69272 | Zot:5    | Gained mutation: You are robust. (+10% HP) [potion of
                  | mutation]
 69423 | Zot:5    | Got the Orb of Zot
 69852 | D:7      | Noticed a seraph
 70051 | D:$      | Escaped with the Orb!

Illustrated notes

Levels and vault maps discovered:
D:1:      wander_arrival_peaceful_grave, layout_rooms,
          shapermc_ecumenical_altar_mp_highgroup
D:2:      minmay_recursive_quarters, layout_basic, serial_shops,
          nicolae_shop_rolled_up
D:3:      layout_loops_cross, minmay_cupped
D:4:      layout_rooms, mainiacjoe_overflow_24_doors, temple_statues,
          minmay_shop_damaged, kennysheep_generic_room_3
D:5:      layout_rooms, jmf_multi_god_temple2, nicolae_shop_firing_range,
          uniq_pikel, uniq_edmund
D:6:      layout_basic, mainiacjoe_overflow_catwalk, gup_ossuary_entry_pyramid,
          serial_shops, nicolae_shop_waterfront, uniq_maggie, uniq_menkaure,
          uniq_blork_the_orc, uniq_crazy_yiuf_cottage
D:7:      layout_basic
D:8:      layout_loops_ring, regret_index_temple_of_mockery,
          jmf_multi_god_temple, minmay_fountain_box
D:9:      layout_rooms, orc_0_dummy, serial_corexii_hall,
          corexii_hall_statues_l, chequers_hall_statues_wall_a,
          corexii_hall_statues_deadend
D:10:     layout_loops_ring, lair_entry_dummy, roadster_trireme, uniq_lodul
D:11:     layout_gridville, uniq_maurice
D:12:     minmay_outward_triangles, layout_long_grid, enter_trove_6,
          gauntlet_entry_generic
D:13:     kennysheep_ambush_hall, layout_irregular_city, david_vaults_2
D:14:     layout_irregular_city, maelrawn_ghost_gauntlet_escape,
          kennysheep_small_spiral, corexii_leaking_fountain,
          einodemon_barbed_minivault
D:15:     grunt_enter_depths_snipers, layout_basic, minivault_23,
          gammafunk_ghost_mausoleum
Temple:   nicolae_temple_two_arcs
Lair:1:   layout_roguey, portal_ice_cave_entry_pillars_1,
          lightli_volcano_entry_magma_tube, serial_bayou_shore_a
Lair:2:   beast_lair_carwin_large_4, layout_chaotic_city,
          minmay_swamp_entry_worms, gammafunk_ghost_wrathful_warriors,
          minivault_27, chequers_serial_rivers_small_a, st_stairs_3,
          nicolae_lair_grove_arrangements, roderic_carrion_pond,
          serial_bayou_shore_b
Lair:3:   layout_misc_corridors, spider_nest_entry_rubble, minivault_23
Lair:4:   layout_gridlike, slime_entry_1, nicolae_lair_time_for_slime
Lair:5:   cheibrodos_lair_end_hotspot, layout_regular_city, basic_altar,
          st_stairs_13, uniq_sonja
Swamp:1:  layout_basic_swamp, wheals_swamp_sinkhole
Swamp:2:  layout_basic_swamp, hangedman_swamp_ruin_wall, swamp_pool_1_2,
          nicolae_swamp_alligator_family
Swamp:3:  layout_basic_swamp, nicolae_swamp_trees_clearing,
          nicolae_swamp_no_escape
Swamp:4:  byrel_swamp_growth_death_and_undeath, layout_basic_swamp,
          swamp_pool_4, uniq_mara, uniq_louise
Spider:1: layout_spider_delve, gammafunk_ghost_arena
Spider:2: layout_spider_delve, nicolae_spider_webs_and_nodes,
          nicolae_spider_orb_run, uniq_roxanne
Spider:3: layout_chambers
Spider:4: floodkiller_spider_rune_tomb
Orc:1:    layout_diamond_mine, minmay_orc_temple_b
Orc:2:    st_orc_open, layout_caves
Elf:1:    minmay_elf_arrival_plus, layout_gridlike, nicolae_elf_blasts_and_bolts
Elf:2:    nicolae_elf_blades_splatter_lattice
          [nicolae_blade_entry_sentries_behind_glass], layout_loops_corners,
          serial_shops, shop, shop, shop, shop, nicolae_shop_waterfront
Elf:3:    minmay_elf_hall_quartered_circle, layout_loops_corners, uniq_nikola
Vaults:1: nicolae_vaults_shelves_hall, nicolae_vaults_library_corner,
          nicolae_vaults_weapon_check, nicolae_vaults_spaceships,
          ontoclasm_vaults_ligature, nicolae_vaults_big_angled_halls,
          grunt_vaults_diagonal, dpeg_vaults_monster_box,
          nicolae_vaults_closet_pinwheel_3, nicolae_vaults_more_shelving_1,
          v_misc_25, grunt_vaults_funnel, layout_vaults_omnicross, uniq_aizul,
          uniq_donald
Vaults:2: v_rooms_4, v_pattern_3, nicolae_vaults_taking_the_gang_shopping,
          vaults_room_semicircle, nicolae_vaults_house_3,
          nicolae_vaults_closet_pinwheel_2, v_misc_16, ontoclasm_vaults_chip,
          nicolae_vaults_heart-shaped_vault, ontoclasm_vaults_ring_small,
          layout_vaults_big_room, serial_shops, nicolae_shop_rolling_square
Vaults:3: vaults_standard_mumra_x, vaults_mumra_hex,
          nicolae_vaults_closet_pinwheel_3, v_misc_2,
          nicolae_vaults_network_periphery, minmay_crypt_entry_skeletal_spiral,
          nicolae_vaults_rhombus_7, hangedman_vaults_maws,
          nicolae_vaults_apartment_1, nicolae_vaults_trapezoid_2,
          nicolae_vaults_two_Ls, nicolae_vaults_little_squares_2,
          ontoclasm_vaults_pinch, layout_vaults_maze_snakey
Vaults:4: nicolae_vaults_shrinking_rooms_1, v_misc_16, vaults_room_ringed_pool,
          nicolae_vaults_closet_pinwheel_3, nicolae_vaults_mitosis,
          vaults_room_hallway, nicolae_vaults_mini_display_case,
          nicolae_vaults_closet_pinwheel_5,
          nicolae_vaults_shipping_containers_7, hangedman_vaults_restitches,
          vaults_mumra_chevron, vaults_room_stairs_pillars,
          ontoclasm_vaults_twist, nicolae_vaults_trapezoid_1,
          layout_vaults_omnibox, serial_shops, statue_bzr, shop,
          nicolae_shop_peninsula, uniq_jory, uniq_margery
Vaults:5
Crypt:1:  layout_gridlike, nicolae_crypt_little_mausoleum,
          grunt_crypt_arrival_guarded_gate, uniq_sojobo
Crypt:2:  layout_misc_corridors
Crypt:3:  church_of_pain_bobbens, layout_chaotic_city, tomb_entry_shell_bobbens,
          uniq_khufu
Depths:1: layout_cave_pools, serial_shops, shop, hangedman_abyss_entry_splay,
          hell_entry, lightli_giant_bouncers, kennysheep_random_hallway
Depths:2: minmay_skeleton_keep, layout_basic, hangedman_abyss_or_decor_passed,
          hell_entry, pan_entry, minmay_holes,
          serial_library_hellmonk_angled_corner, kiku_gazebo_pond_becter,
          uniq_enchantress
Depths:3: grated_community_mu [grated_community_mu_vampire_home,
          grated_community_mu_giant_home, grated_community_mu_spellcaster_home,
          grated_community_mu_orcish_home, grated_community_mu_troll_home,
          grated_community_mu_taur_home, grated_community_mu_unbuilt_plot],
          layout_basic, abyss_entry, rand_demon_pan_entry_9, hell_entry,
          nemelex_xobeh_ov_fountains_minmay, uniq_boris, uniq_xtahua
Depths:4: grunt_crosshair, layout_twisted_cross, enter_ziggurat_c, hell_entry,
          pan_entry, grunt_megastairs_5, minmay_shoptagon
Zot:1:    layout_onion_interference, st_stairs_8, serial_nicolae_subway,
          nicolae_sub_station_crystal, nicolae_sub_station_metal,
          nicolae_sub_station_stone
Zot:2:    layout_gridlike, grunt_megastairs_3
Zot:3:    layout_cathedral_of_symmetry
Zot:4:    gammafunk_mikee_crab_dinner, layout_onion_interference,
          nicolae_diode_basic
Zot:5:    layout_basic, gammafunk_ghost_tricky_traps, grunt_ministairs_5

Skill      XL: |  1  2  3  4  5  6  7  8  9 10 11 12 13 14 15 16 17 18 19 20 21 22 23 24 25 26 27 |
---------------+----------------------------------------------------------------------------------+-----
Long Blades    | 4 6 7 8 9 12 14 15 16 17 18 19 20 21 22 23 24 26 27 | 27.0
Evocations     | 2 3 5 6 7 9 10 12 13 14 15 16 17 18 20 | 20.6
Armour         | 1 4 7 8 10 11 12 14 16 18 20 23 | 23.1
Fighting       | 6 8 9 10 11 13 14 15 17 18 19 20 21 22 24 | 24.4
Invocations    | 3 5 6 7 8 9 |  9.1
Dodging        | 4 6 8 9 10 11 12 14 15 18 | 18.4
Shields        | 7 14 15 16 17 18 19 20 21 22 24 27 | 27.0
Throwing       | 2 5 8 |  8.1

Action                     |  1- 3 |  4- 6 |  7- 9 | 10-12 | 13-15 | 16-18 | 19-21 | 22-24 | 25-27 || total
---------------------------+-------+-------+-------+-------+-------+-------+-------+-------+-------++-------
  Melee: Falchion          |   115 |   118 |    95 |       |       |       |       |       |       ||   328
         Scimitar          |       |       |   215 |   331 |  1103 |    83 |       |       |       ||  1732
         Long sword        |       |       |       |       |       |  1372 |       |       |       ||  1372
         Demon blade       |       |       |       |       |       |   277 |  1610 |  1823 |  2685 ||  6395
         Double sword      |       |       |       |       |       |     3 |       |       |       ||     3
         Headbutt          |       |       |       |       |       |       |       |       |     3 ||     3
  Throw: Dart              |       |       |       |     2 |    13 |       |       |       |       ||    15
         Boomerang         |       |       |       |       |    12 |    66 |    28 |    26 |   124 ||   256
         Javelin           |       |       |       |       |       |       |       |    12 |    19 ||    31
 Invoke: Slouch            |       |       |       |     1 |    12 |     7 |     9 |    15 |    12 ||    56
Ability: Hop               |       |       |       |     3 |     6 |     4 |     2 |     3 |     5 ||    23
  Evoke: Wand              |       |     1 |     6 |    21 |    43 |    28 |       |     2 |     1 ||   102
         Sack of spiders   |       |       |       |       |     2 |     3 |     2 |     1 |     2 ||    10
         Lightning rod     |       |       |       |       |       |     7 |     4 |     3 |     2 ||    16
         Phantom mirror    |       |       |       |       |       |       |       |     2 |     2 ||     4
         Tin of tremorston |       |       |       |       |       |       |       |       |     3 ||     3
    Use: Scroll            |       |     3 |     5 |     7 |    27 |     7 |     1 |    13 |    11 ||    74
         Potion            |       |       |       |     1 |     6 |     2 |     2 |       |    16 ||    27
   Stab: Invisible         |       |     2 |     3 |       |     7 |       |       |       |       ||    12
         Sleeping          |       |       |       |       |     7 |       |     3 |     7 |    10 ||    27
         Distracted        |       |       |       |       |     6 |     3 |     8 |     3 |    11 ||    31
         Confused          |       |       |       |       |       |     1 |       |       |     2 ||     3
         Paralysed         |       |       |       |       |       |       |       |     1 |       ||     1
 Armour: Plate armour      |   103 |   104 |    64 |       |       |       |       |       |       ||   271
         Robe              |     7 |       |       |       |       |       |       |       |       ||     7
         Acid dragon scale |       |       |   104 |   245 |   435 |   152 |       |       |       ||   936
         Pearl dragon scal |       |       |       |       |       |   632 |   867 |   425 |   685 ||  2609
         Scale mail        |       |       |       |       |       |     5 |       |       |       ||     5
  Dodge: Dodged            |    51 |    45 |   144 |   298 |   667 |  1317 |  1049 |   699 |  1287 ||  5557
  Block: Kite shield       |       |       |       |       |  1026 |  2048 |   772 |       |       ||  3846
         Reflection        |       |       |       |       |       |       |    79 |   109 |    44 ||   232
         Tower shield      |       |       |       |       |       |       |  1409 |  2553 |  3815 ||  7777
